 Dungeon Crawl Stone Soup version 0.24-a0-584-g9d6b971 (webtiles) character file.

Game seed: 14288282248257462614, levelgen mode: deterministic

296 BoppinsLewinski the Shooter (level 5, 0/42 HPs)
             Began as a Demigod Hunter on Sept 3, 2019.
             Slain by a gnoll
             ... wielding a +0 spear
              (2 damage)
             ... on level 3 of the Dungeon.
             The game lasted 00:12:04 (2358 turns).

BoppinsLewinski the Shooter (Demigod Hunter)        Turns: 2358, Time: 00:12:05

Health: 0/42       AC:  9    Str: 17    XL:     5   Next: 86%
Magic:  7/7        EV:  7    Int: 15    God:
Gold:   221        SH:  0    Dex: 16    Spells: 4/4 levels left

rFire    . . .     SeeInvis .   l - +0 morningstar
rCold    . . .     Gourm    .   (no shield)
rNeg     . . .     Faith    .   g - +0 chain mail
rPois    .         Spirit   .   j - +0 helmet
rElec    .         Reflect  .   (no cloak)
rCorr    .         Harm     .   (no gloves)
MR       .....                  (no boots)
Stlth    ..........             k - amulet of regeneration
HPRegen  0.54/turn              (no ring)
MPRegen  0.10/turn              (no ring)

@: no status effects
A: high mp 1
a: no special abilities


You were on level 3 of the Dungeon.
You were not hungry.

You visited 1 branch of the dungeon, and saw 3 of its levels.

You collected 221 gold pieces.

Inventory:

Hand Weapons
 a - a +1 shortbow
 e - a +2 whip of freezing
 l - a +0 morningstar (weapon)
Missiles
 d - 35 arrows
Armour
 g - a +0 chain mail (worn)
 j - a +0 helmet (worn)
Jewellery
 k - an amulet of regeneration (around neck)
Wands
 o - a wand of flame (16)
Scrolls
 b - 4 scrolls of remove curse {unknown}
 c - 5 scrolls of identify {unknown}
 h - a scroll of blinking {unknown}
 i - a scroll of fog {unknown}
 n - a scroll of amnesia {unknown}
 p - a scroll of enchant armour {unknown}
Potions
 m - a potion of lignification {unknown}
Comestibles
 f - 5 rations
 q - 2 chunks of flesh


   Skills:
 - Level 2.3 Fighting
 - Level 1.2 Maces & Flails
 * Level 4.9 Bows
 - Level 1.8 Armour
 - Level 1.9 Dodging
 * Level 3.5 Stealth


You had 4 spell levels left.
You didn't know any spells.
Your spell library was empty.

Dungeon Overview and Level Annotations

Branches:
Dungeon (3/15)


Innate Abilities, Weirdness & Mutations

You have an increased reservoir of magic. (+10% MP)


Message History

* * * LOW HITPOINT WARNIN'
* * * Thin's tha be 'ere: a +0 flail; an arrow Ye hit tha gnoll but do nay damage.
Tha gnoll be heavily wounded.
Tha gnoll hits ye but does nay damage.
Tha gnoll hits ye from afar wit' a +0 spear.
* * * LOW HITPOINT WARNIN'
* * * Tha gnoll hits ye but does nay damage. x2
Ye closely miss tha gnoll.
Tha gnoll be heavily wounded.
Tha gnoll closely misses ye.
Tha gnoll hits ye from afar wit' a +0 spear.
* * * LOW HITPOINT WARNIN'
* * * Ye closely miss tha gnoll.
Tha gnoll be heavily wounded.
Tha gnoll hits ye wit' a +0 spear.
* * * LOW HITPOINT WARNIN'
* * * Tha gnoll hits ye but does nay damage.
Tha gnoll hits ye wit' a +0 spear.
Ye die...

#....###....[.##.......#
#....##..#....##.......#
.......................#
........##....##.......#
........##....##.......#
........########.......#
........# #.......#
........# #.#######
........# #@# ........#
#g# #..###### (g#
##....### ....
.#.##...## .....
.........# .(.....
...###.#.###(...... ...#
#.....##...(...
...#####)..#


You could see 2 gnolls.

Vanquished Creatures
  2 orc wizards (D:3)
  An orc priest (D:3)
  Terence (D:2)
  Robin (D:2)
  2 gnolls (D:3)
  3 adders
  2 oozes
  4 worms
  A dart slug (D:2)
  3 leopard geckos
  7 orcs (D:3)
  A ball python (D:3)
  13 bats
  2 giant cockroaches
  12 goblins
  9 hobgoblins
  9 jackals
  12 kobolds
  2 quokkas (D:3)
  6 frilled lizards
  5 rats
98 creatures vanquished.

Notes
Turn   | Place    | Note
-------+----------+-------------------------------------------
     0 | D:1      | BoppinsLewinski the Demigod Hunter began the quest for the
                  | Orb.
     0 | D:1      | Reached XP level 1. HP: 17/17 MP: 3/3
    95 | D:1      | Reached skill level 1 in Stealth
    95 | D:1      | Reached XP level 2. HP: 24/24 MP: 4/4
   106 | D:1      | Reached skill level 4 in Bows
   359 | D:1      | Reached skill level 1 in Armour
   542 | D:2      | Reached XP level 3. HP: 27/29 MP: 5/5
   728 | D:2      | Noticed Robin
   757 | D:2      | Killed Robin
   790 | D:2      | Found a shadowy altar of Dithmenos.
   841 | D:2      | Reached XP level 4. HP: 27/36 MP: 6/6
  1163 | D:2      | Found a glowing golden altar of the Shining One.
  1223 | D:3      | Noticed Terence
  1247 | D:2      | Killed Terence
  1602 | D:3      | Reached skill level 1 in Maces & Flails
  1658 | D:3      | Found an ornate altar of the Wu Jian Council.
  1696 | D:3      | Reached XP level 5. HP: 35/41 MP: 7/7
  2253 | D:3      | Found an iron altar of Okawaru.
  2358 | D:3      | HP: 2/42 [gnoll/+0 spear (3)]
  2358 | D:3      | Slain by a gnoll

Levels and vault maps discovered:
D:1:      ncdulo_smallfort, layout_rooms
D:2:      layout_rooms, marbit_many_paths, lemuel_crystal_altar, first_ration,
          corexii_hall_statues_l, uniq_robin
D:3:      minmay_diamond_boxcup, layout_rooms, okawaru_gym_becter,
          old_standard_altar, uniq_terence

Skill      XL: |  1  2  3  4  5 |
---------------+----------------+-----
Stealth        | 1 2 3 |  3.5
Bows           | 4 |  4.9
Armour         | 1 |  1.8
Fighting       | 2 |  2.3
Maces & Flails | 1 |  1.2
Dodging        | |  1.9

Action                   |  1- 3 |  4- 6 || total
-------------------------+-------+-------++-------
Melee: Whip              |    69 |    30 ||    99
       Morningstar       |       |    51 ||    51
 Fire: Shortbow          |    74 |    98 ||   172
  Use: Potion            |     2 |       ||     2
  Eat: Ration            |       |     1 ||     1
       Chunk             |       |     1 ||     1
Armor: Leather armour    |    19 |       ||    19
       Chain mail        |    66 |    88 ||   154
Dodge: Dodged            |    71 |    58 ||   129

Table legend:
 A = Non-vault XP
 B = Vault XP
 C = Vault XP percentage of total XP
 D = Non-vault monster count
 E = Vault monster count
 F = Vault count percentage of total count
                 A         B        C        D         E       F
            +---------+---------+-------+---------+---------+-------
      Total |     322 |     101 |  23.9 |      75 |      23 |  23.5
            +---------+---------+-------+---------+---------+-------
        D:1 |      46 |       0 |   0.0 |      24 |       0 |   0.0
        D:2 |      52 |      72 |  58.1 |      21 |      13 |  38.2
        D:3 |     224 |      29 |  11.5 |      30 |      10 |  25.0
            +---------+---------+-------+---------+---------+-------
